 Dungeon Crawl Stone Soup version 0.25.0-11-g1f837a76a1 (console) character file.

Game seed: 15913547709270012733

78 bli the Insei (level 4, -5/36 HPs)
             Began as a Draconian Transmuter on June 27, 2020.
             Killed from afar by Ijyb (12 damage)
             ... with an iceblast
             ... on level 3 of the Dungeon.
             The game lasted 00:07:20 (2255 turns).

bli the Insei (Draconian Transmuter)                Turns: 2255, Time: 00:07:20

Health: -5/36      AC:  5    Str: 12    XL:     4   Next: 15%
Magic:  7/7        EV: 12    Int: 14    God:
Gold:   149        SH:  0    Dex: 12    Spells: 4/7 levels left

rFire    . . .     SeeInvis .     - Unarmed
rCold    . . .     Gourm    .   (no shield)
rNeg     . . .     Faith    .   (armour unavailable)
rPois    .         Spirit   .   (helmet restricted)
rElec    .         Reflect  .   (no cloak)
rCorr    .         Harm     .   (no gloves)
MR       .....                  (no boots)
Stlth    +.........             (no amulet)
HPRegen  0.12/turn              f - ring of flight
MPRegen  0.10/turn              (no ring)

@: no status effects
A: unfitting armour, cold-blooded, AC +5
a: Evoke Flight


You were on level 3 of the Dungeon.
You were hungry.

You visited 1 branch of the dungeon, and saw 3 of its levels.

You collected 149 gold pieces.

Inventory:

Missiles
 a - 58 arrows
 e - 2 boomerangs (quivered)
 l - 42 stones
Jewellery
 f - a ring of flight (left hand)
Scrolls
 b - 3 scrolls of enchant weapon
 h - 3 scrolls of identify {unknown}
 i - 2 scrolls of remove curse {unknown}
 n - a scroll of enchant armour {unknown}
 o - a scroll of teleportation {unknown}
Potions
 d - 2 potions of lignification {unknown}
 g - a potion of flight {unknown}
 j - a potion of curing {unknown}
 k - a potion of haste {unknown}
 m - a potion of magic {unknown}
 p - a potion of mutation {unknown}
Comestibles
 c - 4 rations


   Skills:
 * Level 1.8 Fighting
 + Level 2.1 Dodging
 + Level 4.5 Unarmed Combat
 + Level 2.0 Spellcasting
 - Level 2.0 Transmutations


You had 4 spell levels left.
You knew the following spells:

 Your Spells              Type           Power        Failure   Level  Hunger
a - Beastly Appendage     Tmut           #.....       11%         1    ##.....
b - Sticks to Snakes      Tmut           #.......     16%         2    ###....

Your spell library contained the following spells:

 Spells                   Type           Power        Failure   Level  Hunger
 Spider Form              Tmut/Pois      #.........   43%         3    ####...
 Ice Form                 Ice/Tmut       #.......     83%         4    #####..
 Blade Hands              Tmut           #.........   96%         5    ######.


Dungeon Overview and Level Annotations

Branches:
Dungeon (2/15)

Altars:
Fedhas

Annotations:
D:3 Grinder, Ijyb


Innate Abilities, Weirdness & Mutations

Your plain brown scales are hard. (AC +5)
You cannot fit into any form of body armour.
You are cold-blooded and may be slowed by cold attacks.


Message History

Grinder grins, showing sharp teeth.
The bat closely misses you. The bat barely misses you.
Grinder says, "DUCK!"
The bat closely misses you.
Found a stone staircase leading down.
The bat hits you but does no damage. The bat closely misses you.
Ijyb zaps a wand.
The mass of ice explodes!
The iceblast engulfs the bat!
The bat dies!
The iceblast engulfs you!
You hear a shout!
Found a peridot ring.
A goblin comes into view. It is wielding a +0 dagger.
The goblin shouts!
A quokka comes into view.
Ijyb zaps a wand.
The mass of ice explodes!
The iceblast engulfs you.
* * * LOW HITPOINT WARNING * * *
You hear a shout!
Found 10 stones and a copper ring.
Ijyb zaps a wand.
The mass of ice explodes!
The iceblast engulfs you!
You die...

########## #####
#.......(# #..).
#........# ....
#....>@..# .!..
#...rg...###########.##
#..........g..o[o5.g...
#........##########..##
#........# #.##
#........### #o#
#....=......## ###5#
#.......=##..####...#
############...##.#####
#...............
##...####o#....#


You could see Ijyb, a quokka and a goblin.

Vanquished Creatures
  A bullfrog skeleton (D:2)
  3 dart slugs
  A leopard gecko (D:1)
  An orc (D:2)
  A ball python (D:1)
  2 goblins (D:1)
  3 hobgoblins
  7 jackals
  5 kobolds
  2 quokkas (D:2)
  5 bats
  5 frilled lizards
  8 rats
44 creatures vanquished.

Vanquished Creatures (others)
  A bat (D:3)
1 creature vanquished.

Grand Total: 45 creatures vanquished

Notes
Turn   | Place    | Note
-------+----------+-------------------------------------------
     0 | D:1      | bli the Draconian Transmuter began the quest for the Orb.
     0 | D:1      | Reached XP level 1. HP: 16/16 MP: 3/3
   398 | D:1      | Reached XP level 2. HP: 23/23 MP: 3/5
   417 | D:1      | Learned a level 2 spell: Sticks to Snakes
   590 | D:1      | Reached skill level 4 in Unarmed Combat
   735 | D:1      | Reached XP level 3. HP: 28/28 MP: 4/6
  1603 | D:2      | Reached XP level 4. HP: 32/36 MP: 7/7
  2119 | D:2      | Found a blossoming altar of Fedhas.
  2202 | D:2      | You fall into a shaft and drop 1 floor!
  2217 | D:3      | Noticed Grinder
  2222 | D:3      | Paralysed by Grinder for 4 turns
  2237 | D:3      | Noticed Ijyb
  2255 | D:3      | Killed from afar by Ijyb

Illustrated notes

Levels and vault maps discovered:
D:1:      lightli_arrival_isolated_outpost, layout_loops_ring
D:2:      minmay_chambers_of_twos, layout_basic, fedhas_altar_fruit_tree
D:3:      minmay_spotlight, layout_rooms, nicolae_qazlal_style_of_elements,
          ebering_ghost_rock_garden, trog_eyes_of_draining, uniq_purgy,
          uniq_grinder, uniq_ijyb

Skill      XL: |  1  2  3 |
---------------+----------+-----
Unarmed Combat | 4 |  4.5
Dodging        | 2 |  2.1
Fighting       | |  1.8
Spellcasting   | |  2.0
Transmutations | |  2.0

Action                   |  1- 3 |  4- 6 || total
-------------------------+-------+-------++-------
Melee: Unarmed           |   107 |    23 ||   130
       Tailslap          |     5 |     2 ||     7
       Kick              |     7 |     1 ||     8
       Headbutt          |     6 |       ||     6
       Punch             |     1 |       ||     1
 Cast: Beastly Appendage |    12 |     3 ||    15
       Sticks to Snakes  |       |     1 ||     1
  Use: Scroll            |       |     1 ||     1
 Stab: Sleeping          |     1 |       ||     1
  Eat: Chunk             |     2 |     2 ||     4
Armor: Skin              |    28 |    11 ||    39
Dodge: Dodged            |    74 |    27 ||   101
